 Dungeon Crawl Stone Soup version 0.22-a0-135-g6f012ad (webtiles) character file.

349610 Gorice the Tortoise (level 22, -5/209 HPs)
             Began as a Hill Orc Fighter on Jan 30, 2018.
             Was the Champion of Beogh.
             Slain by a balrug
             ... wielding a +0 demon whip
              (23 damage)
             ... in a wizard's laboratory on Feb 1, 2018.
             The game lasted 03:43:28 (46887 turns).

Gorice the Tortoise (Hill Orc Fighter)             Turns: 46887, Time: 03:43:29

Health: -5/209     AC: 36    Str: 22    XL:     22   Next: 19%
Magic:  0/33       EV: 15    Int: 10    God:    Beogh [******]
Gold:   3040       SH:  5    Dex: 15    Spells: 29/36 levels left

rFire    . . .     SeeInvis +   b - +1 broad axe (flame)
rCold    + . .     Gourm    .   P - +0 buckler {AC+3}
rNeg     + + +     Faith    .   K - +3 plate armour {rC+}
rPois    +         Spirit   +   m - +1 hat "Yjutegu" {rPois rN+++ Dex-3}
rElec    .         Reflect  .   S - +1 cloak {+Inv}
rCorr    .         Harm     .   l - +0 pair of gloves {Dex+3}
MR       +....                  H - +0 pair of boots
Stlth    ..........             r - amulet of guardian spirit
HPRegen  0.44/turn              G - +4 ring of protection
MPRegen  0.23/turn              i - ring of see invisible

@: hasted, very quick
A: walk on water
}: 2/15 runes: decaying, serpentine
a: Smiting, Recall Orcish Followers, Give Item to Named Follower, Resurrection,
Renounce Religion, Evoke Invisibility


You were in a wizard's laboratory.
You worshipped Beogh.
Beogh was exalted by your worship.
You were near starving.

You visited 8 branches of the dungeon, and saw 37 of its levels.
You visited the Abyss 1 time.
You also visited: Ice Cave, Volcano and Wizlab.

You collected 4087 gold pieces.
You spent 1047 gold pieces at shops.

Inventory:

Hand Weapons
 a - the +10 war axe of the Warrior-Mage {drain, *Noise rElec rPois Stlth+}
   (You found it on level 7 of the Dungeon)

   A truly terrible weapon, it drains the life of those it strikes.
   It insulates you from electricity.
   It protects you from poison.
   It may make noises in combat.
   It makes you more stealthy.
 b - a +1 broad axe of flaming (weapon)
   (You took it off a hell knight in a volcano)
 B - a +0 blowgun
Missiles
 y - 18 curare-tipped needles
 Q - 11 javelins (quivered)
Armour
 l - a +0 pair of gloves of dexterity (worn)
   (You bought it in a shop on level 2 of the Orcish Mines)
 m - the +1 hat "Yjutegu" (worn) {rPois rN+++ Dex-3}
   (You acquired it on level 5 of the Lair of Beasts)

   It affects your dexterity (-3).
   It protects you from poison.
   It renders you almost immune to negative energy.
 H - a +0 pair of boots (worn)
 K - a +3 plate armour of cold resistance (worn)
   (You took it off a vault warden on level 2 of the Vaults)
 P - a +0 buckler of protection (worn)
   (You took it off a tengu warrior on level 15 of the Dungeon)
 S - a +1 cloak of invisibility (worn)
   (You bought it in a shop on level 2 of the Snake Pit)
Jewellery
 i - a ring of see invisible (right hand)
 r - an amulet of guardian spirit (around neck)
 E - the ring of Tapnualoyr {AC+3 Int+4}
   (You found it on level 6 of the Dungeon)

   [ring of protection]

   It affects your AC (+3).
   It affects your intelligence (+4).
 G - a +4 ring of protection (left hand)
 N - an uncursed ring of positive energy
Wands
 g - a wand of paralysis (28)
 o - a wand of iceblast (32)
 L - a wand of disintegration (20)
 V - a wand of enslavement (16)
 X - a wand of digging (53)
 Z - a wand of acid (24)
Scrolls
 h - 23 scrolls of identify
 j - 4 scrolls of blinking
 k - 16 scrolls of teleportation {!r}
 A - a scroll of fog
 C - 2 scrolls of fear {!r}
 D - 5 scrolls of magic mapping {!r}
 O - 10 scrolls of remove curse
 U - a scroll of summoning {!r}
Potions
 d - 7 potions of might {!q}
 e - 6 potions of agility {!q}
 n - 13 potions of curing
 q - 3 potions of berserk rage
 s - 3 potions of invisibility {!q}
 v - 3 potions of resistance {!q}
 x - 3 potions of heal wounds {!q}
 F - a potion of cancellation {!q}
 I - 2 potions of haste {!q}
Miscellaneous
 z - a sack of spiders
Comestibles
 f - 64 rations


   Skills:
 - Level 20.0 Fighting
 - Level 16.0 Axes
 - Level 20.0 Armour
 - Level 13.1 Dodging
 - Level 4.0 Shields
 + Level 7.5 Spellcasting
 * Level 3.4 Hexes
 - Level 11.1 Translocations
 - Level 12.1 Invocations
 - Level 10.0 Evocations


You had 29 spell levels left.
You knew the following spells:

 Your Spells              Type           Power        Failure   Level  Hunger
p - Portal Projectile     Hex/Tloc       ###...       17%         3    ###....
J - Blink                 Tloc           N/A          1%          2    ##.....
S - Swiftness             Chrm/Air       #.......     86%         2    ##.....


Dungeon Overview and Level Annotations

Branches:
Dungeon (15/15)            Temple (1/1) D:4            Lair (6/6) D:11
  Swamp (4/4) Lair:4        Snake (4/4) Lair:2        Slime (0/5) Lair:6
    Orc (2/2) D:9             Elf (0/3) Orc:2        Vaults (4/5) D:14
  Crypt (1/3) Vaults:2     Depths (0/5) D:15

Altars:
Ashenzari
Cheibriados
Dithmenos
Elyvilon
Fedhas
Gozag
Hepliaklqana
Kikubaaqudgha
Makhleb
Nemelex Xobeh
Okawaru
Qazlal
Ru
Sif Muna
Trog
Uskayaw
Vehumet
Wu Jian
Xom
Yredelemnul
Zin
The Shining One
Beogh

Shops:
D:4 }   D:10 (   D:11 *?!:*   D:14 ([}%(   Orc:1 :   Orc:2 [:*([   Snake:2 *[
Vaults:1 *

Portals:
Trove: Vaults:2 (give Grimoire of Psychosis)


Message History

Unknown command.
Unknown command.
Unknown command.
Unknown command.
Unknown command.
Unknown command.
The cacodemon hits you but does no damage. x2
The red devil hops backward while attacking.
The red devil hits you but does no damage.
Really quaff
I - 3 potions of haste {!q}?
You feel yourself speed up.
The cacodemon hits you but does no damage. x2
You block the red devil's attack.
Unknown command.
Unknown command.
Unknown command.
Unknown command.
You closely miss the red devil. You slice the cacodemon!!
You burn the cacodemon!
The red devil hops backward while attacking.
Something hits you but does no damage.
Unknown command.
You barely miss the cacodemon.
The cacodemon is moderately wounded.
You block the cacodemon's attack. The cacodemon barely misses you.
Unknown command.
You barely miss the cacodemon.
The cacodemon is moderately wounded.
The cacodemon misses you.
The cacodemon hits you but does no damage.
You slash the cacodemon! You burn the cacodemon.
The cacodemon is heavily wounded.
You hit the red devil but do no damage. You slash the cacodemon!
You burn the cacodemon!
The cacodemon is severely wounded.
You hit the lorocyproca. You slice the red devil!!
The red devil hops backward while attacking.
The red devil hits you but does no damage.
The cacodemon hits you but does no damage.
The cacodemon barely misses you.
You slash the cacodemon! You burn the cacodemon.
The cacodemon is almost dead.
You hit the balrug but do no damage. You closely miss the lorocyproca.
The lorocyproca hits you.
* * * LOW HITPOINT WARNING * * *
You feel your power leaking away. The balrug hits you with a demon whip!
* * * LOW HITPOINT WARNING * * *
You are engulfed in flames!!
You die...

###########
#8...∩.2.8#
#....2322.#
#..##.##@.# #.
#...##2#
#....#...4#
.....#...#.......
.......∩.........
.##..#...#..##...
#....#....# ...
#.##...##.# .. #.
##.## .#


You could see a cacodemon, a hell beast, a lorocyproca (invisible), a balrug, a
soul eater, a tormentor and a red devil.

Vanquished Creatures
  Saint Roka (Snake:4)
  A bone dragon (Vaults:2)
  A profane servitor (Abyss:2)
  Jorgrun (Swamp:2)
  A tentacled monstrosity (Swamp:4)
  4 thorn hunters
  A sphinx (Vaults:1)
  An ancient champion (Crypt:1)
  Agnes (Snake:1)
  2 tengu reavers (Vaults:4)
  Donald (Swamp:3)
  A fire giant (Vaults:1)
  4 nagarajas
  Roxanne (Swamp:1)
  2 frost giants
  Aizul (Snake:2)
  5 vault wardens
  An angel (Abyss:2)
  A draconian shifter (Abyss:2)
  10 ironheart preservers
  The ghost of murphy the Thaumaturge, a journeyman GnWz of Cheibriados (Swamp:4)
  A stone giant (Vaults:3)
  4 very ugly things
  A deep elf annihilator (Vaults:2)
  A red draconian (Abyss:2)
  A lorocyproca (WizLab)
  An eidolon (Crypt:1)
  2 deep elf death magi
  2 fire dragons
  A blizzard demon (WizLab)
  2 green deaths (Swamp:4)
  8 ogre magi
  The ghost of p0werm0de the Covert, a journeyman GnEn of Cheibriados (D:11)
  Josephine (D:10)
  5 yaktaur captains
  15 naga warriors
  A crystal guardian (Vaults:3)
  3 vault guards
  A great orb of eyes (Vaults:3)
  A ghost crab (Swamp:2)
  A hell beast (WizLab)
  10 hydras
  4 rakshasas
  4 death knights
  2 ice dragons
  16 anacondas
  2 dancing weapons (D:14)
  9 centaur warriors
  A deep troll earth mage (Vaults:1)
  30 two-headed ogres
  5 alligators
  A death yak (Lair:6)
  A deep troll shaman (Vaults:1)
  A tengu warrior (D:15)
  A thrashing horror (Swamp:4)
  20 naga sharpshooters
  6 shock serpents
  A vampire mage (Crypt:1)
  Nergalle (D:11)
  A hell knight (Volcano)
  3 deep elf knights
  4 spriggans (Swamp:1)
  7 skeletal warriors
  11 deep trolls
  A wretched star (Abyss:2)
  A sixfirhy (WizLab)
  The ghost of murphy the Thaumaturge, a novice GnWz of Cheibriados (D:10)
  2 unseen horrors (Vaults:1)
  3 salamander mystics
  A spriggan druid (Swamp:4)
  2 shambling mangroves
  7 naga ritualists
  2 wizards
  3 deep elf archers
  3 sea snakes (Snake:2)
  A flayed ghost (Vaults:3)
  8 ironbrand convokers
  2 glowing orange brains
  4 swamp dragons (Swamp:4)
  A harpy (shapeshifter) (Vaults:1)
  2 necromancers
  5 orc knights
  7 deep elf magi
  A harpy (Vaults:3)
  2 oklob plants
  2 wolf spiders
  11 salamanders
  3 mana vipers
  4 orc sorcerers
  2 elephants (Lair:3)
  A manticore (D:11)
  27 ugly things
  3 cyclopes
  Joseph (D:7)
  36 black mambas
  A worldbinder (Abyss:2)
  7 guardian serpents
  16 naga magi
  A water nymph (shapeshifter) (D:15)
  2 molten gargoyles (Volcano)
  A black mamba (shapeshifter) (Vaults:3)
  An ice statue (IceCv)
  A smoke demon (Abyss:2)
  A spiny frog (shapeshifter) (Vaults:1)
  11 vault sentinels
  14 spiny frogs
  2 rime drakes
  2 orange demons (Swamp:4)
  A rime drake (shapeshifter) (Vaults:3)
  6 komodo dragons
  6 freezing wraiths
  5 trolls
  2 ice devils
  24 yaktaurs
  A yaktaur (shapeshifter) (Vaults:2)
  2 ancient zymes (Abyss:2)
  A troll (shapeshifter) (Vaults:4)
  11 hornets
  20 polar bears
  7 bog bodies
  3 tyrant leeches
  An ettin zombie (Vaults:3)
  6 blink frogs
  6 dream sheep (Lair:6)
  4 raiju (Abyss:2)
  47 slime creatures
  9 hippogriffs
  A meliai zombie (D:12)
  A flying skull (Abyss:2)
  2 vampires
  5 wyverns
  6 shadows
  A ynoxinul (Abyss:2)
  8 wraiths
  5 large abominations
  44 yaks
  2 basilisks (D:14)
  4 hogs (D:7)
  A human (D:7)
  A golden eye (Abyss:2)
  A chaos spawn (Abyss:2)
  14 vampire mosquitoes
  2 steam dragons
  2 hungry ghosts
  20 swamp worms
  46 nagas
  12 water moccasins
  8 wargs
  9 hell hounds (Lair:6)
  An acid dragon (Vaults:2)
  7 porcupines
  6 swamp drakes
  A deep troll skeleton (Vaults:3)
  14 orc warriors
  2 phantoms (D:7)
  2 ice beasts
  2 sky beasts
  13 black bears
  A human zombie (Vaults:2)
  A manticore zombie (Abyss:2)
  An eye of draining (D:14)
  29 ogres
  25 wolves
  4 boggarts (Vaults:3)
  15 centaurs
  20 crocodiles
  3 big kobolds
  A wyvern zombie (D:13)
  14 bullfrogs
  2 scorpions
  14 killer bees
  2 human simulacra (Vaults:3)
  11 wights
  6 electric eels
  2 howler monkeys
  10 crimson imps
  4 bullfrog zombies
  3 centaur zombies
  A quasit (Abyss:2)
  An iron imp (Abyss:2)
  4 jellies
  A hound (D:11)
  6 orc priests
  Crazy Yiuf (D:3)
  5 centaur skeletons
  Jessica (D:3)
  A bullfrog skeleton (D:4)
  12 orc wizards
  Ijyb (D:4)
  Natasha (thrice) (D:4)
  12 iguanas
  9 worker ants
  2 small abominations (Abyss:2)
  3 hound zombies (D:11)
  A hound skeleton (D:8)
  A howler monkey zombie (D:7)
  8 gnolls
  15 adders
  A river rat (D:7)
  4 shadow imps
  An ufetubus (Abyss:2)
  An ooze (D:2)
  3 adder skeletons
  4 worms
  19 leopard geckos
  27 orcs
  3 ball pythons
  12 bats
  2 giant cockroaches
  8 goblins
  4 hobgoblins
  14 jackals
  20 kobolds
  8 quokkas
  11 frilled lizards
  A goblin skeleton (Crypt:1)
  A kobold skeleton (Crypt:1)
  2 leopard gecko skeletons
  4 rats
  5 briar patches (Swamp:4)
  5 fungi
  3 plants
1269 creatures vanquished.

Vanquished Creatures (collateral kills)
  2 sphinxes
  A nagaraja (Snake:2)
  5 vault wardens
  Louise (D:15)
  3 ironheart preservers
  2 stone giants (Vaults:4)
  A deep elf demonologist (Vaults:2)
  2 ettins
  An eidolon (Crypt:1)
  A great orb of eyes (Vaults:2)
  3 yaktaur captains
  2 hydras
  A rakshasa (Vaults:3)
  3 vault guards
  2 anacondas (Snake:4)
  6 centaur warriors
  5 ogre magi
  12 two-headed ogres
  2 tengu warriors (D:15)
  2 death yaks (Lair:6)
  A deep troll shaman (Vaults:3)
  4 deep elf knights
  3 skeletal warriors
  A fire crab (shapeshifter) (Vaults:2)
  A lindwurm (Orc:2)
  5 deep trolls
  A deep elf archer (Vaults:2)
  2 wizards
  A necromancer (Vaults:1)
  7 ironbrand convokers
  A mana viper (Snake:1)
  5 harpies
  3 orc knights
  3 large abominations (Abyss:2)
  4 orc sorcerers
  4 deep elf magi
  10 ugly things
  A fire giant zombie (Vaults:3)
  5 cyclopes
  6 guardian serpents (Snake:4)
  A worldbinder (Abyss:2)
  Maurice (Orc:1)
  3 elephants (Lair:3)
  A fire giant skeleton (Vaults:3)
  2 naga magi (Snake:4)
  5 black mambas
  A torpor snail (Lair:6)
  4 vault sentinels
  3 centaur skeletons
  A spiny frog (shapeshifter) (Vaults:3)
  A spiny frog (Lair:3)
  A rime drake (shapeshifter) (Vaults:4)
  11 yaktaurs
  2 rime drakes
  2 freezing wraiths (Vaults:4)
  2 tengu conjurers (D:15)
  An ice devil (Orc:2)
  4 polar bears (Lair:6)
  A hornet (shapeshifter) (Vaults:1)
  A tengu simulacrum (Vaults:2)
  2 hornets
  3 dream sheep (Lair:6)
  A bog body (Swamp:4)
  3 slime creatures
  8 blink frogs
  A meliai zombie (D:12)
  A vampire (D:14)
  7 wraiths
  15 yaks
  An ettin skeleton (Vaults:2)
  A basilisk (Lair:6)
  2 vampire mosquitoes (D:15)
  A chaos spawn (Abyss:2)
  2 swamp worms
  A small abomination (Abyss:2)
  2 nagas
  6 wargs
  6 hell hounds (Lair:6)
  2 acid dragons
  2 water moccasins
  An orb spider zombie (Crypt:1)
  4 orc warriors
  A porcupine (Lair:4)
  An elf zombie (Vaults:2)
  An eye of draining (D:15)
  6 ogres
  4 wolves (Lair:6)
  8 centaurs
  6 crocodiles
  A bullfrog (D:13)
  A big kobold (D:13)
  A bullfrog (shapeshifter) (Lair:6)
  A wyvern zombie (D:13)
  A killer bee (D:13)
  A quasit (Abyss:2)
  3 centaur zombies
  3 jellies
  An orc priest (Orc:1)
  3 orc wizards
  2 worker ants
  A shadow imp (D:13)
  2 leopard geckos (Lair:4)
  8 orcs
  A kobold (D:13)
  13 fungi
  5 plants
320 creatures vanquished.

Vanquished Creatures (others)
  2 orc warlords (Vaults:3)
  An ironheart preserver (Vaults:1)
  An orc high priest (Snake:1)
  17 orc knights
  A wizard (Vaults:3)
  19 orc priests
  5 orc sorcerers
  2 spiny frogs (Swamp:2)
  27 orc warriors
  A slime creature (Swamp:2)
  A centaur (D:4)
  12 orc wizards
  37 orcs
  17 fungi
  A lurking horror (Abyss:2)
  24 plants
168 creatures vanquished.

Grand Total: 1757 creatures vanquished

Notes
Turn   | Place    | Note
-------+----------+-------------------------------------------
     0 | D:1      | Gorice the Hill Orc Fighter began the quest for the Orb.
     0 | D:1      | Reached XP level 1. HP: 19/19 MP: 1/1
   114 | D:1      | Reached skill level 3 in Axes
   238 | D:1      | Reached XP level 2. HP: 24/27 MP: 2/2
   571 | D:1      | Reached skill level 4 in Fighting
   960 | D:2      | Reached skill level 4 in Axes
   965 | D:2      | Reached XP level 3. HP: 33/33 MP: 3/3
  1013 | D:2      | Found a shadowy altar of Dithmenos.
  1448 | D:2      | Reached XP level 4. HP: 33/41 MP: 4/4
  1613 | D:2      | Reached skill level 5 in Axes
  1858 | D:3      | Noticed Jessica
  1891 | D:3      | Found a runed door.
  1958 | D:3      | Noticed Crazy Yiuf
  1965 | D:3      | Killed Crazy Yiuf
  2501 | D:3      | Found a sacrificial altar of Ru.
  2501 | D:3      | Found a hide-covered altar of Uskayaw.
  2502 | D:3      | Found an ancient bone altar of Kikubaaqudgha.
  2548 | D:3      | Found a shattered altar of Ashenzari.
  2732 | D:4      | Reached XP level 5. HP: 43/47 MP: 5/5
  2816 | D:4      | Noticed a centaur
  2818 | D:4      | Killed a centaur
  2818 | D:4      | Reached skill level 5 in Fighting
  2818 | D:4      | Reached skill level 6 in Axes
  2855 | D:4      | Noticed Ijyb
  2867 | D:4      | Reached XP level 6. HP: 42/56 MP: 6/6
  2868 | D:4      | Killed Ijyb
  2868 | D:4      | Reached skill level 7 in Axes
  3043 | D:4      | Found Ciwnumas's Gadget Shop.
  3485 | D:4      | Noticed Natasha
  3495 | D:4      | Killed Natasha
  3621 | D:4      | Reached skill level 6 in Fighting
  3640 | D:4      | Found a staircase to the Ecumenical Temple.
  3655 | Temple   | Entered the Ecumenical Temple
  4064 | D:4      | Noticed Natasha
  4082 | D:4      | Killed Natasha
  4082 | D:4      | Reached skill level 8 in Axes
  4082 | D:4      | Reached XP level 7. HP: 49/63 MP: 7/7
  4136 | D:4      | Noticed Natasha
  4140 | D:4      | Killed Natasha
  4178 | D:5      | Entered Level 5 of the Dungeon
  4416 | D:5      | Found a shimmering altar of Xom.
  4439 | D:5      | Reached skill level 9 in Axes
  4716 | D:5      | Reached skill level 7 in Fighting
  4723 | D:5      | Reached XP level 8. HP: 65/73 MP: 8/8
  5030 | D:6      | Reached skill level 10 in Axes
  5068 | D:6      | Got a coiled glass ring
  5069 | D:6      | Identified the ring of Tapnualoyr {AC+3 Int+4} (You found it on level 6 of the Dungeon)
  5077 | D:6      | Found a snail-covered altar of Cheibriados.
  5447 | D:6      | Reached skill level 11 in Axes
  5457 | D:6      | Reached skill level 8 in Fighting
  5804 | D:6      | Reached XP level 9. HP: 82/82 MP: 9/9
  5822 | D:7      | Reached skill level 12 in Axes
  5993 | D:7      | Reached skill level 9 in Fighting
  6087 | D:7      | Noticed Joseph
  6110 | D:7      | Killed Joseph
  6110 | D:7      | Reached skill level 13 in Axes
  6356 | D:7      | Got a brightly glowing war axe
  6357 | D:7      | Identified the +10 war axe of the Warrior-Mage {drain, *Noise rElec rPois Stlth+} (You found it on level 7 of the Dungeon)
  6922 | D:7      | Found the +10 dark maul {crush}
  7055 | D:7      | Reached skill level 10 in Fighting
  7055 | D:7      | Reached skill level 14 in Axes
  7058 | D:7      | Reached XP level 10. HP: 90/93 MP: 10/10
  7313 | D:8      | Reached skill level 15 in Axes
  7315 | D:8      | Became a worshipper of Beogh the Brigand
  7597 | D:8      | Noticed a two-headed ogre
  7605 | D:8      | Killed a two-headed ogre
  7612 | D:8      | Found an iron altar of Okawaru.
  7647 | D:8      | Reached skill level 16 in Axes
  7800 | D:8      | Reached skill level 4 in Armour
  7924 | D:8      | Found a glowing silver altar of Zin.
  7973 | D:8      | Noticed a two-headed ogre
  7983 | D:8      | Killed a two-headed ogre
  7983 | D:8      | Reached skill level 5 in Armour
  8160 | D:8      | Reached skill level 6 in Armour
  8993 | D:9      | Reached skill level 7 in Armour
  9098 | D:9      | Found an opulent altar of Gozag.
  9125 | D:9      | Found a staircase to the Orcish Mines.
  9151 | D:9      | Reached * piety under Beogh
  9333 | D:9      | Noticed a two-headed ogre
  9348 | D:9      | Killed a two-headed ogre
  9348 | D:9      | Reached skill level 8 in Armour
  9348 | D:9      | Reached XP level 11. HP: 70/99 MP: 11/11
  9451 | D:10     | Entered Level 10 of the Dungeon
  9466 | D:10     | Noticed murphy's ghost (novice GnWz)
  9482 | D:10     | Killed murphy's ghost
  9482 | D:10     | Reached skill level 9 in Armour
  9618 | D:10     | Noticed a two-headed ogre
  9630 | D:10     | Killed a two-headed ogre
  9718 | D:10     | Reached skill level 10 in Armour
  9725 | D:10     | Noticed Josephine
  9731 | D:10     | Reached ** piety under Beogh
  9747 | D:10     | Killed Josephine
 10034 | D:10     | Found Luciugur's Weapon Shop.
 10135 | D:10     | Reached skill level 11 in Armour
 10603 | D:11     | Noticed Nergalle
 10630 | D:11     | Killed Nergalle
 10630 | D:11     | Reached skill level 12 in Armour
 10722 | D:11     | Noticed a red ugly thing
 10737 | D:11     | Killed a red ugly thing
 10737 | D:11     | Reached XP level 12. HP: 55/106 MP: 12/12
 10930 | D:11     | Found Ziqic's General Store.
 11002 | D:11     | Found a sparkling altar of Nemelex Xobeh.
 11011 | D:11     | Found Eple's Book Emporium.
 11022 | D:11     | Found Taadeoso's Distillery.
 11025 | D:11     | Noticed p0werm0de's ghost (journeyman GnEn)
 11487 | D:10     | Reached skill level 13 in Armour
 11581 | D:11     | Found Vumaasch's General Store.
 11596 | D:11     | Bought a potion of curing for 39 gold pieces
 11596 | D:11     | Bought a potion of curing for 39 gold pieces
 11744 | D:11     | Reached *** piety under Beogh
 11769 | D:11     | Bought a potion of flight for 45 gold pieces
 11769 | D:11     | Bought a potion of degeneration for 15 gold pieces
 11786 | D:11     | Found Ibamel's Magic Scroll Shoppe.
 11794 | D:11     | Bought a scroll of teleportation for 30 gold pieces
 11794 | D:11     | Bought a scroll of blinking for 75 gold pieces
 11794 | D:11     | Bought a scroll of identify for 20 gold pieces
 11794 | D:11     | Bought a scroll of identify for 20 gold pieces
 11794 | D:11     | Bought a scroll of identify for 20 gold pieces
 11808 | D:11     | Found a staircase to the Lair.
 12162 | D:11     | Killed p0werm0de's ghost
 12162 | D:11     | Reached skill level 14 in Armour
 12414 | Lair:1   | Entered Level 1 of the Lair of Beasts
 13030 | Lair:2   | Found a staircase to the Snake Pit.
 13202 | Lair:2   | Noticed a seven-headed hydra
 13217 | Lair:2   | Killed a seven-headed hydra
 13217 | Lair:2   | Reached skill level 15 in Armour
 13217 | Lair:2   | Reached skill level 1 in Invocations
 13262 | Lair:2   | Reached skill level 2 in Invocations
 13403 | Lair:2   | Reached skill level 3 in Invocations
 13986 | Lair:3   | Reached skill level 4 in Invocations
 14050 | Lair:3   | Reached XP level 13. HP: 83/113 MP: 16/16
 14052 | Lair:3   | Gained Borgoth as an ally
 14055 | Lair:3   | Reached **** piety under Beogh
 14055 | Lair:3   | Reached skill level 5 in Invocations
 14126 | Lair:3   | Reached skill level 16 in Armour
 14239 | Lair:3   | Reached skill level 6 in Invocations
 14729 | Lair:4   | Reached skill level 7 in Invocations
 14814 | Lair:4   | Gained Bogbrand as an ally
 14814 | Lair:4   | Reached skill level 8 in Invocations
 15126 | Lair:4   | Your ally Bogbrand died
 15144 | Lair:4   | Reached ***** piety under Beogh
 15152 | Lair:4   | Reached skill level 9 in Invocations
 15225 | Lair:4   | Found a staircase to the Swamp.
 16158 | Lair:5   | Reached skill level 10 in Invocations
 16198 | Lair:5   | Reached skill level 1 in Evocations
 16207 | Lair:5   | Gained Nordag as an ally
 16546 | Lair:5   | Reached skill level 2 in Evocations
 16558 | Lair:5   | Identified a scroll of acquirement
 16560 | Lair:5   | Got a heavily runed hat
 16571 | Lair:5   | Identified the +1 hat "Yjutegu" {rPois rN+++ Dex-3} (You acquired it on level 5 of the Lair of Beasts)
 16583 | Lair:6   | Entered Level 6 of the Lair of Beasts
 16853 | Lair:6   | Reached skill level 11 in Fighting
 16853 | Lair:6   | Reached skill level 3 in Evocations
 16927 | Lair:6   | Reached skill level 4 in Evocations
 17001 | Lair:6   | Reached XP level 14. HP: 87/125 MP: 15/21
 17005 | Lair:6   | Reached skill level 5 in Evocations
 17017 | Lair:6   | Reached skill level 12 in Fighting
 17057 | Lair:6   | Found a staircase to the Slime Pits.
 17215 | Lair:6   | Reached skill level 6 in Evocations
 17353 | Lair:6   | Reached ****** piety under Beogh
 17508 | Lair:6   | Reached skill level 7 in Evocations
 17515 | Lair:6   | Reached skill level 13 in Fighting
 18442 | Orc:1    | Entered Level 1 of the Orcish Mines
 18461 | Orc:1    | Noticed an orc warlord
 18465 | Orc:1    | Gained Hilgar as an ally
 18603 | Orc:2    | Entered Level 2 of the Orcish Mines
 18619 | Orc:2    | Found Moyck's Book Boutique.
 18658 | Orc:2    | Found a dark tunnel.
 18692 | Volcano  | Entered a volcano
 18753 | Volcano  | Found a bloodstained altar of Trog.
 18769 | Volcano  | Reached skill level 8 in Evocations
 18951 | Orc:2    | Found Wejoesk's Antique Armour Shop.
 18956 | Orc:2    | Reached skill level 14 in Fighting
 18957 | Orc:2    | Gained Boldo as an ally
 18973 | Orc:2    | Gained Jorge as an ally
 18980 | Orc:2    | Gained Arbeogh as an ally
 19001 | Orc:2    | Found a frozen archway.
 19171 | IceCv    | Entered an ice cave
 19235 | IceCv    | Reached skill level 9 in Evocations
 19512 | IceCv    | Noticed a frost giant
 19516 | IceCv    | Reached XP level 15. HP: 139/139 MP: 22/22
 19522 | IceCv    | Killed a frost giant
 20183 | Orc:2    | Noticed an orc warlord
 20196 | Orc:2    | Your ally Boldo died
 20215 | Orc:2    | Found Tuju's Antique Weapon Emporium.
 20299 | Orc:2    | Upgraded the game from 0.22-a0-126-g307c7c3 to 0.22-a0-135-g6f012ad
 20385 | Orc:2    | Found a staircase to the Elven Halls.
 20436 | Orc:2    | Found Ytzegesu's General Store.
 20458 | Orc:2    | Found Inoich's Antique Armour Shoppe.
 20493 | Orc:2    | Found a shimmering altar of Xom.
 20628 | Orc:2    | Reached skill level 10 in Evocations
 20723 | Orc:1    | Reached skill level 15 in Fighting
 20789 | Orc:1    | Noticed Maurice
 20796 | Orc:1    | Killed Maurice
 21123 | Orc:1    | Found Heimussi's Book Emporium.
 21163 | Orc:1    | Found a roughly hewn altar of Beogh.
 21318 | Orc:2    | Bought a pair of glowing gloves for 225 gold pieces
 21768 | D:3      | Killed Jessica
 21777 | D:3      | Found a deep blue altar of Sif Muna.
 22731 | D:13     | Gained Gorg as an ally
 22774 | D:13     | Gained Thorok as an ally
 22856 | D:13     | Found a burning altar of Makhleb.
 23094 | D:13     | Reached skill level 16 in Fighting
 23354 | D:13     | Reached skill level 1 in Dodging
 23556 | D:14     | Found Uklo's Antique Weapon Boutique.
 23557 | D:14     | Found Jeotomom's Food Boutique.
 23593 | D:14     | Found Pyraff's Gadget Boutique.
 23726 | D:14     | Found a gate to the Vaults.
 23739 | D:14     | Reached skill level 2 in Dodging
 24003 | D:14     | Found Wesin's Antique Weapon Shop.
 24141 | D:14     | Found Agasefo's Armour Shop.
 24225 | D:14     | Gained Harm as an ally
 24418 | D:15     | Entered Level 15 of the Dungeon
 24421 | D:15     | Your ally Harm died
 24498 | D:15     | Reached skill level 3 in Dodging
 24586 | D:15     | Noticed Louise
 24605 | D:15     | Your ally Gorg died
 24613 | D:15     | Killed Louise
 24618 | D:15     | Reached skill level 17 in Armour
 24626 | D:15     | Your ally Thorok died
 24631 | D:15     | Gained Margrim as an ally
 24687 | D:15     | Reached XP level 16. HP: 151/151 MP: 23/23
 24898 | D:15     | Reached skill level 4 in Dodging
 25249 | D:15     | Found a snail-covered altar of Cheibriados.
 25285 | D:15     | Found a staircase to the Depths.
 25575 | Swamp:1  | Entered Level 1 of the Swamp
 25586 | Swamp:1  | Identified the cursed +0 broad axe of Xuadout {antimagic, *Drain rN++ Dex-4 SInv} (You found it on level 1 of the Swamp)
 25662 | Swamp:1  | Reached skill level 12 in Invocations
 25662 | Swamp:1  | Reached XP level 17. HP: 147/158 MP: 23/26
 25811 | Swamp:1  | Noticed Roxanne
 25842 | Swamp:1  | Killed Roxanne
 25953 | Swamp:1  | Reached skill level 5 in Dodging
 26298 | Swamp:2  | Reached skill level 18 in Armour
 26311 | Swamp:2  | Noticed Jorgrun
 26633 | Swamp:2  | Killed Jorgrun
 26639 | Swamp:2  | You fall through a shaft!
 26658 | Swamp:3  | Reached skill level 4 in Shields
 27543 | Swamp:2  | You fall through a shaft!
 27696 | Swamp:3  | Noticed Donald
 27716 | Swamp:3  | Killed Donald
 27716 | Swamp:3  | Reached skill level 6 in Dodging
 28104 | Lair:1   | Learned a level 2 spell: Blink
 28107 | Lair:1   | Learned a level 2 spell: Swiftness
 28111 | Lair:1   | Learned a level 3 spell: Portal Projectile
 28114 | Lair:1   | Got a fine helmet
 28125 | Lair:1   | Identified the +0 helmet of the Lizard {+Fly MP+9 Str+3} (You acquired it on level 1 of the Lair of Beasts)
 28310 | Swamp:4  | Entered Level 4 of the Swamp
 28342 | Swamp:4  | Noticed murphy's ghost (journeyman GnWz)
 28348 | Swamp:4  | Reached skill level 19 in Armour
 28574 | Swamp:4  | Killed murphy's ghost
 29407 | Swamp:4  | Noticed a tentacled monstrosity
 29427 | Swamp:4  | Reached skill level 7 in Dodging
 29436 | Swamp:4  | Killed a tentacled monstrosity
 29783 | Swamp:4  | Reached XP level 18. HP: 166/166 MP: 27/27
 30142 | Swamp:4  | Got an encrusted arbalest
 30148 | Swamp:4  | Got a decaying rune of Zot
 30484 | Lair:1   | Identified the +7 arbalest of Laceration {speed, Dex+5} (You found it on level 4 of the Swamp)
 30521 | Snake:1  | Entered Level 1 of the Snake Pit
 30524 | Snake:1  | Noticed Agnes
 30538 | Snake:1  | Killed Agnes
 30658 | Snake:1  | Reached skill level 20 in Armour
 30661 | Snake:1  | Gained Urtork as an ally
 30822 | Snake:1  | Reached skill level 8 in Dodging
 31007 | Snake:1  | Your ally Urtork died
 31545 | Snake:1  | Found a deep blue altar of Sif Muna.
 31687 | Snake:2  | Gained Herok as an ally
 31693 | Snake:2  | Found Xiliuvin's General Store.
 31707 | Snake:2  | Bought a scroll of identify for 24 gold pieces
 31707 | Snake:2  | Bought a potion of haste for 120 gold pieces
 31707 | Snake:2  | Bought a scroll of blinking for 90 gold pieces
 32011 | Snake:2  | Reached skill level 9 in Dodging
 32078 | Snake:2  | Noticed Aizul
 32104 | Snake:2  | Your ally Herok died
 32105 | Snake:2  | Killed Aizul
 32121 | Snake:2  | HP: 38/168 [naga sharpshooter/bolt (13)]
 32126 | Snake:2  | HP: 36/168 [poisoned by a naga warrior (splash of poison)]
 32131 | Snake:2  | HP: 34/168 [poisoned by a naga warrior (splash of poison)]
 32136 | Snake:2  | HP: 32/168 [poisoned by a naga warrior (splash of poison)]
 32141 | Snake:2  | HP: 31/168 [poisoned by a naga warrior (splash of poison)]
 32148 | Snake:1  | HP: 31/168 [poisoned by a naga warrior (splash of poison)]
 32156 | Snake:1  | HP: 31/168 [poisoned by a naga warrior (splash of poison)]
 32162 | Snake:1  | HP: 32/168 [poisoned by a naga warrior (splash of poison)]
 32170 | Snake:1  | HP: 33/168 [poisoned by a naga warrior (splash of poison)]
 32749 | Snake:1  | Reached skill level 17 in Fighting
 33435 | Snake:2  | Found Gerublack's Antique Armour Shoppe.
 33667 | Snake:2  | Bought an embroidered cloak for 285 gold pieces
 34387 | Snake:3  | Reached XP level 19. HP: 158/179 MP: 25/28
 34555 | Snake:3  | Reached skill level 18 in Fighting
 34992 | Snake:3  | Reached skill level 10 in Dodging
 35340 | Snake:4  | Entered Level 4 of the Snake Pit
 35784 | Snake:4  | Noticed Saint Roka
 36242 | Snake:4  | Killed Saint Roka
 36440 | Snake:4  | Gained Hawl as an ally
 36804 | Snake:4  | Reached skill level 19 in Fighting
 36859 | Snake:4  | Gained Spirok as an ally
 36875 | Snake:4  | Your ally Spirok died
 36881 | Snake:4  | Your ally Hawl died
 36905 | Snake:4  | Gained Agrik as an ally
 36916 | Snake:4  | Your ally Agrik died
 37284 | Snake:4  | HP: 49/183 [nagaraja/poison arrow (8)]
 37823 | Snake:4  | Got a serpentine rune of Zot
 38144 | Vaults:1 | Entered Level 1 of the Vaults
 38227 | Vaults:1 | Reached skill level 11 in Dodging
 38334 | Vaults:1 | Gained Gorbash as an ally
 38334 | Vaults:1 | Gained Brandogh as an ally
 38343 | Vaults:1 | Reached skill level 20 in Fighting
 38420 | Vaults:1 | Your ally Brandogh died
 38484 | Vaults:1 | Gained Horkud as an ally
 38577 | Vaults:1 | Found Qogeh's General Store.
 38625 | Vaults:1 | Gained Borgun as an ally
 38778 | Vaults:1 | Reached XP level 20. HP: 193/193 MP: 29/29
 38788 | Vaults:1 | Reached skill level 12 in Dodging
 38797 | Vaults:1 | Paralysed by an ogre mage for 3 turns
 38808 | Vaults:1 | Your ally Gorbash died
 38831 | Vaults:1 | Your ally Horkud died
 38872 | Vaults:1 | Reached skill level 13 in Dodging
 39073 | Vaults:1 | Reached skill level 1 in Translocations
 39501 | Vaults:1 | Reached skill level 1 in Spellcasting
 39503 | Vaults:1 | Reached skill level 2 in Translocations
 39783 | Vaults:2 | Found a portal to a secret trove of treasure.
 39825 | Vaults:2 | Gained Margrim as an ally
 39872 | Vaults:2 | Gained Harm as an ally
 39874 | Vaults:2 | Reached skill level 3 in Translocations
 39878 | Vaults:2 | Your ally Harm died
 39879 | Vaults:2 | Reached skill level 2 in Spellcasting
 39884 | Vaults:2 | Your ally Margrim died
 39888 | Vaults:2 | Noticed a Brimstone Fiend
 39890 | Vaults:2 | Cast into level 2 of the Abyss (a deep elf demonologist)
 40265 | Abyss:2  | Reached skill level 4 in Translocations
 40286 | Abyss:2  | Noticed a profane servitor
 40298 | Abyss:2  | Killed a profane servitor
 40314 | Abyss:2  | Gained Bogfrid as an ally
 40324 | Abyss:2  | Reached skill level 3 in Spellcasting
 40401 | Abyss:2  | Gained Borgk as an ally
 40404 | Abyss:2  | Reached skill level 5 in Translocations
 40441 | Vaults:2 | Escaped the Abyss
 41180 | Vaults:2 | Reached skill level 6 in Translocations
 41548 | Vaults:2 | Reached skill level 4 in Spellcasting
 41576 | Vaults:2 | Reached XP level 21. HP: 192/201 MP: 30/30
 41756 | Vaults:2 | Noticed a bone dragon
 41757 | Vaults:2 | Found a staircase to the Crypt.
 41772 | Vaults:2 | Killed a bone dragon
 42553 | Vaults:3 | Reached skill level 7 in Translocations
 42797 | Vaults:3 | Gained Bogdar as an ally
 42816 | Vaults:3 | Gained Boruk as an ally
 42823 | Vaults:3 | Your ally Boruk died
 42827 | Vaults:3 | Reached skill level 5 in Spellcasting
 42846 | Vaults:3 | Your ally Borgun died
 42846 | Vaults:3 | Reached skill level 8 in Translocations
 42851 | Vaults:3 | Your ally Borgk died
 42866 | Vaults:3 | Your ally Bogdar died
 42873 | Vaults:3 | Your ally Bogfrid died
 42894 | Vaults:3 | HP: 58/201 [wizard/bolt of lightning (8)]
 42904 | Vaults:3 | HP: 55/201 [yaktaur captain (6)]
 42910 | Vaults:3 | HP: 46/201 [poisoned by an ogre mage (bolt of poison)]
 42915 | Vaults:3 | HP: 43/201 [poisoned by an ogre mage (bolt of poison)]
 42920 | Vaults:3 | HP: 40/201 [poisoned by an ogre mage (bolt of poison)]
 42925 | Vaults:3 | HP: 39/201 [poisoned by an ogre mage (bolt of poison)]
 42932 | Vaults:2 | HP: 39/201 [poisoned by an ogre mage (bolt of poison)]
 42939 | Vaults:2 | HP: 38/201 [poisoned by an ogre mage (bolt of poison)]
 42947 | Vaults:2 | HP: 39/201 [poisoned by an ogre mage (bolt of poison)]
 43438 | Vaults:3 | Gained Boderik as an ally
 43600 | Vaults:3 | Your ally Boderik died
 43871 | Vaults:3 | Reached skill level 9 in Translocations
 43880 | Vaults:3 | Gained Alork as an ally
 43891 | Vaults:3 | Gained Okrist as an ally
 44048 | Vaults:3 | Your ally Okrist died
 44068 | Vaults:3 | Reached skill level 6 in Spellcasting
 44608 | Vaults:4 | Your ally Alork died
 44713 | Vaults:4 | Reached skill level 10 in Translocations
 44717 | Vaults:4 | Gained Okrist as an ally
 44754 | Vaults:4 | HP: 55/201 [stone giant (31)]
 45122 | Vaults:4 | Gained Blodwig as an ally
 45225 | Vaults:4 | Your ally Okrist died
 45622 | Vaults:4 | Reached skill level 7 in Spellcasting
 45703 | Vaults:4 | Reached XP level 22. HP: 205/209 MP: 32/32
 45795 | Vaults:4 | Reached skill level 11 in Translocations
 46645 | Crypt:1  | Entered Level 1 of the Crypt
 46691 | Crypt:1  | Reached skill level 1 in Hexes
 46715 | Crypt:1  | Gained Borgk as an ally
 46743 | Crypt:1  | HP: 61/209 [eidolon (8)]
 46744 | Crypt:1  | Reached skill level 2 in Hexes
 46759 | Crypt:1  | Your ally Borgk died
 46813 | Crypt:1  | Found a magical portal.
 46818 | WizLab   | Entered The Hall of the Hellbinder
 46837 | WizLab   | Reached skill level 3 in Hexes
 46872 | WizLab   | HP: 61/209 [soul eater (4)]
 46876 | WizLab   | HP: 21/209 [red devil/trident (12)]
 46887 | WizLab   | HP: 35/209 [lorocyproca (1)]
 46887 | WizLab   | Slain by a balrug

Vault maps used:
D:1:      minmay_arrival_jagged, grunt_decor_mini_mirrors, minmay_tetromino_t4
D:2:      nicolae_overflow_crystal_walls
D:3:      nicolae_overflow_hidden_temple, gammafunk_temple_overflow_forgotten,
          tgw_sif, uniq_crazy_yiuf_cottage
D:4:      temple_statues, serial_shops, kennysheep_little_box, uniq_ijyb,
          uniq_natasha
D:5:      led_xom_imps, first_ration
D:6:      old_standard_altar, roderic_cross_of_infinity
D:7:      cheibrodos_two_vegetables, grunt_livestock, minmay_lizard_king,
          uniq_joseph
D:8:      basic_altar, okawaru_ov_weapons_minmay
D:9:      kennysheep_mini_moat, orc_0_dummy
D:10:     serial_shops, shop, uniq_josephine
D:11:     david_lair_shrubbed, serial_shops, shop_statue, shop,
          nicolae_shop_crystal, shop, nicolae_shop_crystal, basic_altar,
          uniq_nergalle
D:13:     basic_altar, dk_noncrumbling_4
D:14:     erik_vaults_1, serial_shops, shop, nicolae_shop_window_shopping,
          nicolae_shop_statue_plus, nicolae_shop_trees, shop
D:15:     grunt_enter_depths_snipers, basic_altar, hex_medium, uniq_louise
Temple:   eino_temple_water
Lair:2:   minmay_snake_entry_six_corridors, serial_bayou_pond_c, st_stairs_3
Lair:3:   lemuel_fruit_fields, infiniplex_staircase_pool,
          minmay_lair_oklob_chamber, grunt_megastairs_4
Lair:4:   lemuel_reptile_caves, nicolae_swamp_entry_splash_gauntlet,
          grunt_megastairs_3
Lair:6:   hangedman_lair_caniforms_friends, minmay_slime_entry_pillars
Swamp:1:  serial_swamp_ruin, evilmike_swamp_ruin_rubble_1,
          evilmike_swamp_ruin_wall, uniq_roxanne
Swamp:2:  nicolae_swamp_trees_clearing, infiniplex_staircase_pool_2,
          uniq_donald, uniq_jorgrun
Swamp:3:  evilmike_swamp_ruin_house_5
Swamp:4:  swamp_vile
Snake:1:  basic_altar, st_stairs_4, uniq_aizul, uniq_agnes
Snake:2:  serial_bayou_shore_a, minmay_shoptagon
Snake:3:  serial_bayou_shore_b
Snake:4:  grunt_snake_rune_serpentine_throne, lemuel_fruit_tree, uniq_saint_roka
Orc:1:    serial_shops, shop, nicolae_orc_lost_temple, uniq_maurice
Orc:2:    grunt_orc_gardens, grunt_orc_garden, grunt_orc_garden,
          grunt_orc_garden, grunt_orc_garden, portal_ice_cave_demonic_guard,
          serial_shops, nicolae_shop_overgrown_old_shop,
          nicolae_volcano_entry_vermiform, basic_altar
Vaults:1: nicolae_vaults_minivaults, vaults_dpeg_cross,
          ontoclasm_vaults_loading_screen, nicolae_vaults_triangles,
          hangedman_vaults_stitches, nicolae_vaults_little_squares_1,
          hangedman_vaults_nails, v_misc_19, v_misc_32, ontoclasm_vaults_idyll,
          vaults_room_pool, serial_shops, shop
Vaults:2: v_alt_pattern_5, minmay_crypt_entry_nasty_monster,
          nicolae_vaults_theta, vaults_room_door_hall,
          nicolae_vaults_network_square, vaults_dpeg_encased_lava,
          nicolae_trove_entry_free_sample
Vaults:3: grunt_vaults_trifunnel, ontoclasm_vaults_idyll,
          vaults_mumra_bighexcomb, vaults_standard_mumra_lines,
          ontoclasm_vaults_fault, vaults_dpeg_ring, hangedman_vaults_nodes,
          ontoclasm_vaults_decontamination, ontoclasm_vaults_ring_small,
          hangedman_vaults_trim, nicolae_vaults_theta, v_misc_15,
          vaults_mumra_minichess, nicolae_vaults_little_squares_1,
          vaults_mumra_chevron
Vaults:4: grunt_vaults_hallway_short, hangedman_vaults_hat,
          dpeg_vaults_monster_box, v_rooms_2, ontoclasm_vaults_ring_large,
          v_misc_1, st_smaller_cells, hangedman_vaults_stretched_pinwheel
Crypt:1:  infiniplex_enter_wizlab_spiral
Abyss:2:  due_exit_kobolds
IceCv:    ice_cave_small_giant
Volcano:  volcano_lake
WizLab:   wizlab_demon

Skill      XL: |  1  2  3  4  5  6  7  8  9 10 11 12 13 14 15 16 17 18 19 20 21 22 |
---------------+-------------------------------------------------------------------+-----
Axes           | 3 4 5 6 8 9 11 14 16 | 16.0
Fighting       | 4 5 6 7 8 10 11 14 16 17 20 | 20.0
Armour         | 8 12 15 16 17 19 20 | 20.0
Invocations    | 4 10 12 | 12.1
Evocations     | 4 9 10 | 10.0
Dodging        | 3 4 7 9 11 13 | 13.1
Shields        | 4 |  4.0
Translocations | 6 10 11 | 11.1
Spellcasting   | 4 7 |  7.5
Hexes          | 3 |  3.4

Action                   |  1- 3 |  4- 6 |  7- 9 | 10-12 | 13-15 | 16-18 | 19-21 | 22-24 || total
-------------------------+-------+-------+-------+-------+-------+-------+-------+-------++-------
Melee: War axe           |   118 |   144 |   349 |   567 |   982 |   989 |  1434 |   159 ||  4742
       Whip              |       |       |       |    10 |     8 |       |       |       ||    18
       Broad axe         |       |       |       |       |     6 |   104 |       |    16 ||   126
 Fire: Hunting sling     |       |       |     4 |    10 |       |       |       |       ||    14
Throw: Stone             |       |     1 |     8 |       |       |       |       |       ||     9
       Tomahawk          |       |       |     4 |     2 |       |       |       |       ||     6
       Javelin           |       |       |       |    10 |       |       |       |       ||    10
Invok: Convert to Beogh  |       |       |       |     1 |       |       |       |       ||     1
       Recall Orcish Fol |       |       |       |       |     3 |       |       |     1 ||     4
       Smiting           |       |       |       |       |    11 |     9 |     2 |     3 ||    25
       Give Item to Name |       |       |       |       |     2 |       |       |       ||     2
Evoke: Wand              |       |       |    14 |     4 |       |     2 |       |       ||    20
  Use: Scroll            |     1 |    10 |    10 |     9 |    10 |     8 |     1 |     1 ||    50
       Potion            |       |       |       |       |       |     2 |     4 |     2 ||     8
 Stab: Distracted        |       |       |       |       |    12 |     1 |     8 |       ||    21
       Paralysed         |       |       |       |       |     3 |       |     2 |       ||     5
  Eat: Chunk             |     2 |     8 |    10 |    16 |    28 |    15 |    32 |     2 ||   113
       Ration            |       |       |       |     2 |     2 |     5 |     2 |       ||    11
Armor: Scale mail        |    72 |    44 |    57 |       |       |       |       |       ||   173
       Chain mail        |       |       |    71 |    33 |       |       |       |       ||   104
       Plate armour      |       |       |       |   248 |   636 |   702 |   736 |   101 ||  2423
Dodge: Dodged            |    36 |    44 |    63 |    71 |   165 |   398 |   754 |    77 ||  1608
Block: Shield            |    77 |    70 |   175 |   262 |   387 |    14 |       |       ||   985
       Reflection        |       |     3 |     3 |    16 |       |       |       |       ||    22
       Buckler           |       |       |       |       |       |   223 |   242 |    34 ||   499

Table legend:
 A = Spawn XP
 B = Non-spawn XP
 C = Spawn XP percentage of total XP
 D = Spawn monster count
 E = Non-spawn monster count
 F = Spawn count percentage of total count
 G = Total turns spent on level
                    A         B        C        D         E        F      G
               +---------+---------+-------+---------+---------+-------+---------
         Total |   17093 |  545522 |   3.0 |      37 |    1526 |   2.4 | 46887
               +---------+---------+-------+---------+---------+-------+---------
           D:1 |       0 |      26 |   0.0 |       0 |      16 |   0.0 |   891
           D:2 |       0 |      72 |   0.0 |       0 |      26 |   0.0 |   826
           D:3 |       0 |     100 |   0.0 |       0 |      12 |   0.0 |  1143
           D:4 |       0 |     512 |   0.0 |       0 |      23 |   0.0 |  1318
           D:5 |       0 |     774 |   0.0 |       0 |      23 |   0.0 |   882
           D:6 |       0 |     930 |   0.0 |       0 |      25 |   0.0 |   817
           D:7 |       0 |    3542 |   0.0 |       0 |      46 |   0.0 |  1779
           D:8 |       0 |    2405 |   0.0 |       0 |      16 |   0.0 |  1183
           D:9 |       0 |    1735 |   0.0 |       0 |      24 |   0.0 |   782
          D:10 |       0 |    7115 |   0.0 |       0 |      36 |   0.0 |  1596
          D:11 |       0 |    6396 |   0.0 |       0 |      45 |   0.0 |  1794
          D:12 |       0 |    3707 |   0.0 |       0 |      18 |   0.0 |   795
          D:13 |       0 |    7486 |   0.0 |       0 |      36 |   0.0 |   949
          D:14 |       0 |    9543 |   0.0 |       0 |      32 |   0.0 |  1071
          D:15 |       0 |   18200 |   0.0 |       0 |      49 |   0.0 |   917
        Lair:1 |       0 |    2061 |   0.0 |       0 |       9 |   0.0 |   911
        Lair:2 |       0 |    5096 |   0.0 |       0 |      32 |   0.0 |  1159
        Lair:3 |       0 |    5798 |   0.0 |       0 |      24 |   0.0 |   934
        Lair:4 |       0 |    6182 |   0.0 |       0 |      56 |   0.0 |  1194
        Lair:5 |       0 |    4412 |   0.0 |       0 |      20 |   0.0 |   820
        Lair:6 |       0 |   21618 |   0.0 |       0 |     118 |   0.0 |  1641
       Swamp:1 |       0 |   11879 |   0.0 |       0 |      31 |   0.0 |  1018
       Swamp:2 |       0 |   10301 |   0.0 |       0 |      30 |   0.0 |   795
       Swamp:3 |       0 |   14043 |   0.0 |       0 |      24 |   0.0 |   944
       Swamp:4 |       0 |   30171 |   0.0 |       0 |      47 |   0.0 |  1813
       Snake:1 |       0 |   19131 |   0.0 |       0 |      33 |   0.0 |  2065
       Snake:2 |       0 |   32912 |   0.0 |       0 |      58 |   0.0 |  1313
       Snake:3 |       0 |   20246 |   0.0 |       0 |      38 |   0.0 |  1797
       Snake:4 |       0 |   49282 |   0.0 |       0 |      84 |   0.0 |  2194
         Orc:1 |       0 |    4136 |   0.0 |       0 |      21 |   0.0 |   704
         Orc:2 |       0 |    6409 |   0.0 |       0 |      35 |   0.0 |  1281
      Vaults:1 |       0 |   66892 |   0.0 |       0 |     128 |   0.0 |  2042
      Vaults:2 |       0 |   38120 |   0.0 |       0 |      65 |   0.0 |  2446
      Vaults:3 |       0 |   54590 |   0.0 |       0 |     100 |   0.0 |  1532
      Vaults:4 |       0 |   50280 |   0.0 |       0 |      80 |   0.0 |  1575
       Crypt:1 |       0 |    9242 |   0.0 |       0 |      17 |   0.0 |   173
       Abyss:2 |   17093 |       0 | 100.0 |      37 |       0 | 100.0 |   551
         IceCv |       0 |    9522 |   0.0 |       0 |      36 |   0.0 |   752
       Volcano |       0 |    6291 |   0.0 |       0 |       8 |   0.0 |   218
        WizLab |       0 |    4365 |   0.0 |       0 |       5 |   0.0 |    69
               +---------+---------+-------+---------+---------+-------+---------

Table legend:
 A = Turns spent in this place as a percentage of turns spent in the entire game.
 B = Non-inter-level travel turns spent in this place as a percentage of non-inter-level travel turns spent in the entire game.
 C = Inter-level travel turns spent in this place as a percentage of turns spent in this place.
 D = Turns resting spent in this place as a percentage of non-inter-level travel turns spent in this place.
 E = Turns spent auto-exploring this place as a percentage of non-inter-level travel turns spent in this place.
 F = Non-inter-level travel turns spent in this place divided by the number of levels of this place that you've seen.
                   A       B       C       D       E      F
               +-------+-------+-------+-------+-------+----------------------
         Total | 100.0 | 100.0 |   7.3 |  23.2 |  40.6 | 1059.6
       Dungeon |  35.7 |  35.3 |   8.3 |  20.3 |  49.9 | 1023.2
        Temple |   0.4 |   0.4 |   5.4 |   0.0 |  99.0 | 192.0
          Lair |  14.2 |  13.5 |  11.7 |   7.4 |  53.9 | 980.2
         Swamp |   9.7 |   9.9 |   5.8 |  31.0 |  35.4 | 1075.8
     Snake Pit |  15.7 |  16.2 |   4.2 |  42.4 |  22.0 | 1764.0
  Orcish Mines |   4.2 |   4.2 |   7.6 |  19.2 |  46.0 | 917.5
        Vaults |  16.2 |  16.3 |   6.9 |  21.2 |  35.5 | 1767.0
         Crypt |   0.4 |   0.4 |   0.6 |   0.0 |   0.0 | 172.0
         Abyss |   1.2 |   1.3 |   0.0 |  48.3 |   0.0 | 551.0
      Ice Cave |   1.6 |   1.7 |   0.0 |  11.7 |  24.9 | 752.0
       Volcano |   0.5 |   0.5 |   0.0 |   6.9 |   0.0 | 218.0
        Wizlab |   0.1 |   0.2 |   0.0 |   0.0 |   0.0 |  69.0
               +-------+-------+-------+-------+-------+----------------------

Vault maps used:
D:1:      minmay_arrival_jagged, grunt_decor_mini_mirrors, minmay_tetromino_t4
D:2:      nicolae_overflow_crystal_walls
D:3:      nicolae_overflow_hidden_temple, gammafunk_temple_overflow_forgotten,
          tgw_sif, uniq_crazy_yiuf_cottage
D:4:      temple_statues, serial_shops, kennysheep_little_box, uniq_ijyb,
          uniq_natasha
D:5:      led_xom_imps, first_ration
D:6:      old_standard_altar, roderic_cross_of_infinity
D:7:      cheibrodos_two_vegetables, grunt_livestock, minmay_lizard_king,
          uniq_joseph
D:8:      basic_altar, okawaru_ov_weapons_minmay
D:9:      kennysheep_mini_moat, orc_0_dummy
D:10:     serial_shops, shop, uniq_josephine
D:11:     david_lair_shrubbed, serial_shops, shop_statue, shop,
          nicolae_shop_crystal, shop, nicolae_shop_crystal, basic_altar,
          uniq_nergalle
D:13:     basic_altar, dk_noncrumbling_4
D:14:     erik_vaults_1, serial_shops, shop, nicolae_shop_window_shopping,
          nicolae_shop_statue_plus, nicolae_shop_trees, shop
D:15:     grunt_enter_depths_snipers, basic_altar, hex_medium, uniq_louise
Temple:   eino_temple_water
Lair:2:   minmay_snake_entry_six_corridors, serial_bayou_pond_c, st_stairs_3
Lair:3:   lemuel_fruit_fields, infiniplex_staircase_pool,
          minmay_lair_oklob_chamber, grunt_megastairs_4
Lair:4:   lemuel_reptile_caves, nicolae_swamp_entry_splash_gauntlet,
          grunt_megastairs_3
Lair:6:   hangedman_lair_caniforms_friends, minmay_slime_entry_pillars
Swamp:1:  serial_swamp_ruin, evilmike_swamp_ruin_rubble_1,
          evilmike_swamp_ruin_wall, uniq_roxanne
Swamp:2:  nicolae_swamp_trees_clearing, infiniplex_staircase_pool_2,
          uniq_donald, uniq_jorgrun
Swamp:3:  evilmike_swamp_ruin_house_5
Swamp:4:  swamp_vile
Snake:1:  basic_altar, st_stairs_4, uniq_aizul, uniq_agnes
Snake:2:  serial_bayou_shore_a, minmay_shoptagon
Snake:3:  serial_bayou_shore_b
Snake:4:  grunt_snake_rune_serpentine_throne, lemuel_fruit_tree, uniq_saint_roka
Orc:1:    serial_shops, shop, nicolae_orc_lost_temple, uniq_maurice
Orc:2:    grunt_orc_gardens, grunt_orc_garden, grunt_orc_garden,
          grunt_orc_garden, grunt_orc_garden, portal_ice_cave_demonic_guard,
          serial_shops, nicolae_shop_overgrown_old_shop,
          nicolae_volcano_entry_vermiform, basic_altar
Vaults:1: nicolae_vaults_minivaults, vaults_dpeg_cross,
          ontoclasm_vaults_loading_screen, nicolae_vaults_triangles,
          hangedman_vaults_stitches, nicolae_vaults_little_squares_1,
          hangedman_vaults_nails, v_misc_19, v_misc_32, ontoclasm_vaults_idyll,
          vaults_room_pool, serial_shops, shop
Vaults:2: v_alt_pattern_5, minmay_crypt_entry_nasty_monster,
          nicolae_vaults_theta, vaults_room_door_hall,
          nicolae_vaults_network_square, vaults_dpeg_encased_lava,
          nicolae_trove_entry_free_sample
Vaults:3: grunt_vaults_trifunnel, ontoclasm_vaults_idyll,
          vaults_mumra_bighexcomb, vaults_standard_mumra_lines,
          ontoclasm_vaults_fault, vaults_dpeg_ring, hangedman_vaults_nodes,
          ontoclasm_vaults_decontamination, ontoclasm_vaults_ring_small,
          hangedman_vaults_trim, nicolae_vaults_theta, v_misc_15,
          vaults_mumra_minichess, nicolae_vaults_little_squares_1,
          vaults_mumra_chevron
Vaults:4: grunt_vaults_hallway_short, hangedman_vaults_hat,
          dpeg_vaults_monster_box, v_rooms_2, ontoclasm_vaults_ring_large,
          v_misc_1, st_smaller_cells, hangedman_vaults_stretched_pinwheel
Crypt:1:  infiniplex_enter_wizlab_spiral
Abyss:2:  due_exit_kobolds
IceCv:    ice_cave_small_giant
Volcano:  volcano_lake
WizLab:   wizlab_demon
